 Dungeon Crawl Stone Soup version 0.17.1-1-g73c8601 (webtiles) character file.

8532 JustSomeDude the Covert (level 11, -15/97 HPs)
             Began as a Naga Assassin on Dec 18, 2015.
             Was an Elder of Dithmenos.
             Demolished by an orc warrior
             ... wielding a +0 flail
             ... led by an orc knight
              (17 damage)
             ... on level 3 of the Orcish Mines on Dec 19, 2015.
             The game lasted 01:33:18 (15461 turns).

JustSomeDude the Covert (Naga Assassin)            Turns: 15461, Time: 01:33:18

Health: -15/97     AC: 12    Str: 13    XL:     11   Next: 32%
Magic:  11/11      EV: 14    Int: 13    God:    Dithmenos [****..]
Gold:   801        SH:  0    Dex: 15    Spells: 0 memorised, 10 levels left

rFire  + . .     SeeInvis +     r - +2 dagger (drain)
rCold  . . .     Clarity  .     F - +0 robe {Archmagi}
rNeg   . . .     SustAt   +     (no shield)
rPois  +         Gourm    .     (no helmet)
rElec  .         Spirit   .     d - +1 cloak
rCorr  .         Warding  .     l - +0 pair of gloves
rMut   .         Stasis   .     (no barding)
MR     +....                    (no amulet)
Stlth  ++++++++..               z - ring of sustain attributes
                                m - +5 ring of protection

@: wreathed by umbra, drained, very slow, somewhat resistant to hostile
enchantments, extraordinarily stealthy
A: see invisible, deformed body, fire resistance 1, poison resistance, slowness
2, slow metabolism 1, spit poison 2, evolution 1, AC +3
a: Spit Poison, Shadow Step, Renounce Religion


You were on level 3 of the Orcish Mines.
You worshipped Dithmenos.
Dithmenos was greatly pleased with you.
You were not hungry.

You visited 3 branches of the dungeon, and saw 14 of its levels.

You collected 801 gold pieces.

Inventory:

Hand Weapons
 b - a +0 blowgun
 c - a +2 dagger of speed
 q - a +2 short sword of venom
 r - a +2 dagger of draining (weapon)
 v - a +0 shortbow
 D - a +1 vampiric spear
Missiles
 e - 84 poisoned needles
 k - 115 stones (quivered)
 u - 6 poisoned arrows
Armour
 d - a +1 cloak (worn)
 l - a +0 pair of gloves (worn)
 F - a +0 robe of the Archmagi (worn)
Magical Staves
 H - an uncursed staff of cold
Jewellery
 f - an uncursed ring of flight
 h - an uncursed amulet of guardian spirit {unknown}
 i - an uncursed ring of see invisible
 m - a +5 ring of protection (left hand)
 z - a ring of sustain attributes (right hand)
 G - an uncursed ring of ice
Wands
 B - a wand of lightning (7)
 J - a wand of random effects (16)
Scrolls
 j - 2 scrolls of amnesia
 p - 4 scrolls of identify
 y - 2 scrolls of recharging
 A - 2 scrolls of remove curse
 I - a scroll of enchant armour
Potions
 x - a potion of ambrosia
Miscellaneous
 n - a disc of storms
Comestibles
 g - 4 bread rations
 o - a meat ration
 s - 5 fruits
 K - a royal jelly


   Skills:
 + Level 6.2(5.4) Fighting
 * Level 9.5(8.7) Short Blades
 + Level 1.4(0.7) Bows
 + Level 4.0(3.3) Throwing
 + Level 9.0(8.2) Dodging
 + Level 11.8(10.9) Stealth
 + Level 0.2(0.0) Evocations


You had 10 spell levels left.
You didn't know any spells.

Dungeon Overview and Level Annotations

Branches:
Dungeon (10/15)            Temple (1/1) D:4             Orc (3/4) D:10
    Elf (0/3) Orc:3
   Lair: D:8-11

Altars:
Ashenzari
Cheibriados
Dithmenos
Elyvilon
Fedhas
Gozag
Kikubaaqudgha
Makhleb
Nemelex Xobeh
Okawaru
Qazlal
Ru
Sif Muna
Trog
Vehumet
Xom
Yredelemnul
Zin
The Shining One
Beogh

Annotations:
Orc:1 Snorg
Orc:2 Rupert


Innate Abilities, Weirdness & Mutations

You cannot wear boots.
Your serpentine skin is tough (AC +3).
You have supernaturally acute eyesight.
Armour fits poorly on your strangely shaped body.
Your system is resistant to poisons.
You cover ground very slowly.
You have a slow metabolism.
You can spit poison.
Your flesh is heat resistant.
You evolve.


Message History

The orc warrior barely misses you. The orc warrior misses you.
The orc warrior hits you but does no damage.
You hit the orc warrior but do no damage.
You drain the orc warrior!
The orc warrior is almost dead.
You closely miss the orc warrior.
The orc warrior is almost dead.
The orc warrior seems less drained.
The orc warrior hits you with a flail!
* * * LOW HITPOINT WARNING * * *
The orc warrior hits you with a battleaxe!
* * * LOW HITPOINT WARNING * * *
The orc warrior hits you with a long sword.
* * * LOW HITPOINT WARNING * * *
You hit the orc warrior but do no damage.
The orc warrior is almost dead.
Okay, then.
You hit the orc warrior but do no damage.
The orc warrior is almost dead.
The orc warrior hits you with a flail!
You die...

.._([##....o#.......#............
#..(###.#####......##............
##'###### #......##.............
88.88.# ##.......##....#.......
......# ##.......#.........#....
......# ##....[.#................
))....###.......o................
......##......oooo...#.....>.....
8...8.###.##...#@#...............
......# ###....###...........#...
......# ##.#..###....#......#.#..
8...8.# #......#..........##.....
......# ##....##........###.....#
......# ###.............#.#.....
8...8.# #.).....##............
......# ##))#.#####.....#.##..
.....## ### #...## ##.#...######.


You could see 3 orc warriors and 2 orcs.

Vanquished Creatures
  Erolcha (D:8)
  An orc knight (Orc:3)
  Pikel (D:8)
  2 trolls
  Grinder (D:6)
  A slime creature (D:6)
  A hippogriff (D:8)
  Grum (D:8)
  A spriggan (D:7)
  2 wyverns (D:9)
  3 wolves (D:8)
  A warg (Orc:1)
  A slave (D:8)
  3 centaurs
  A black bear (D:8)
  3 orc warriors
  2 necrophages
  A phantom (D:5)
  3 ice beasts
  7 ogres
  5 giant frogs
  A big kobold (D:9)
  A water moccasin skeleton (D:7)
  3 scorpions
  A wight (D:8)
  A giant frog zombie (D:6)
  2 crimson imps
  4 hounds
  9 jellies
  A centaur zombie (D:8)
  2 giant frog skeletons (D:4)
  4 centaur skeletons
  5 orc priests
  23 orc wizards
  Natasha (thrice) (D:4)
  An iguana (D:4)
  6 worker ants
  A hound skeleton (D:4)
  2 worker ant zombies
  7 gnolls
  15 adders
  A shadow imp (D:9)
  15 oozes
  An adder zombie (D:6)
  2 adder skeletons
  7 worms
  A giant gecko (D:1)
  90 orcs
  8 hobgoblins
  8 jackals
  9 kobolds
  4 quokkas
  A ball python (D:5)
  9 bats
  A giant cockroach (D:2)
  A giant gecko skeleton (D:4)
  5 giant newts
  8 goblins
  A jackal zombie (D:5)
  9 rats
315 creatures vanquished.

Vanquished Creatures (others)
  3 slaves (D:8)
  A giant frog (D:8)
  A scorpion (D:8)
  A hound (D:8)
  2 worker ants (D:8)
  An orc wizard (Orc:3)
  2 orcs (D:8)
  8 fungi (D:6)
19 creatures vanquished.

Grand Total: 334 creatures vanquished

Notes
Turn   | Place    | Note
--------------------------------------------------------------
     0 | D:1      | JustSomeDude the Naga Assassin began the quest for the Orb.
     0 | D:1      | Reached XP level 1. HP: 19/19 MP: 1/1
   112 | D:1      | Reached skill level 6 in Stealth
   498 | D:1      | Reached XP level 2. HP: 26/26 MP: 2/2
   877 | D:2      | Reached skill level 1 in Dodging
   894 | D:2      | Reached XP level 3. HP: 8/32 MP: 3/3
   919 | D:2      | HP: 1/32 [poisoned by an adder]
  1854 | D:2      | Reached XP level 4. HP: 37/39 MP: 4/4
  2525 | D:2      | Reached skill level 7 in Stealth
  2835 | D:2      | Found a shattered altar of Ashenzari.
  3125 | D:3      | Reached XP level 5. HP: 43/46 MP: 5/5
  3349 | D:3      | Found a blossoming altar of Fedhas.
  3677 | D:4      | Noticed Natasha
  3682 | D:4      | Killed Natasha
  3682 | D:4      | Reached XP level 6. HP: 47/55 MP: 6/6
  3689 | D:4      | Noticed Natasha
  3695 | D:4      | Killed Natasha
  3878 | D:4      | Noticed Natasha
  3885 | D:4      | Killed Natasha
  3886 | D:4      | Found a staircase to the Ecumenical Temple.
  3901 | Temple   | Entered the Ecumenical Temple
  4094 | Temple   | Became a worshipper of Dithmenos the Shadowed
  4137 | D:4      | Noticed an ogre
  4144 | D:4      | Killed an ogre
  4159 | D:4      | Found a glowing golden altar of the Shining One.
  4310 | D:4      | Reached skill level 8 in Stealth
  4334 | D:4      | Noticed an ogre
  4357 | D:4      | Killed an ogre
  4357 | D:4      | Reached XP level 7. HP: 28/61 MP: 7/7
  4931 | D:5      | Entered Level 5 of the Dungeon
  4994 | D:5      | Found a stormy altar of Qazlal.
  5806 | D:5      | Reached skill level 9 in Stealth
  6070 | D:6      | Reached XP level 8. HP: 55/69 MP: 8/8
  6338 | D:6      | Found a basalt altar of Yredelemnul.
  6714 | D:6      | Reached skill level 5 in Dodging
  6822 | D:6      | Noticed a slime creature
  7025 | D:6      | Reached * piety under Dithmenos
  7025 | D:6      | Reached skill level 5 in Short Blades
  7698 | D:6      | Killed a slime creature
  7698 | D:6      | Reached XP level 9. HP: 47/78 MP: 9/9
  7844 | D:6      | Noticed Grinder
  7861 | D:6      | Killed Grinder
  8057 | D:6      | Reached skill level 1 in Bows
  8076 | D:6      | Found a bloodstained altar of Trog.
  8682 | D:7      | Reached skill level 10 in Stealth
  8890 | D:7      | Reached ** piety under Dithmenos
  9210 | D:7      | Reached skill level 5 in Fighting
  9212 | D:7      | Gained mutation: Your flesh is heat resistant. [potion of mutation]
  9212 | D:7      | Gained mutation: You evolve. [potion of mutation]
  9681 | D:8      | Found a shimmering altar of Xom.
  9964 | D:8      | Found a burning altar of Makhleb.
  9967 | D:8      | Noticed Erolcha
 10011 | D:8      | Noticed Pikel
 10017 | D:8      | Reached XP level 10. HP: 84/88 MP: 10/10
 10047 | D:8      | Killed Pikel
 10105 | D:8      | Killed Erolcha
 10566 | D:8      | Noticed Grum
 10581 | D:8      | Killed Grum
 10617 | D:8      | Reached skill level 11 in Stealth
 11077 | D:8      | Noticed a red ugly thing
 11755 | D:9      | Noticed a four-headed hydra
 11982 | D:10     | Entered Level 10 of the Dungeon
 12126 | D:10     | Reached XP level 11. HP: 73/97 MP: 11/11
 12466 | D:10     | Reached *** piety under Dithmenos
 12673 | D:10     | Found a staircase to the Orcish Mines.
 12736 | Orc:1    | Entered Level 1 of the Orcish Mines
 12971 | Orc:2    | Noticed Snorg
 13236 | Orc:1    | You are sucked into a shaft!
 13236 | Orc:2    | Noticed Rupert
 13557 | Orc:3    | Found a staircase to the Elven Halls.
 14184 | Orc:3    | Reached **** piety under Dithmenos
 14417 | Orc:3    | Found a runed door.
 14541 | Orc:3    | Noticed an orc knight
 14691 | Orc:3    | Killed an orc knight
 14974 | Orc:3    | Found a roughly hewn altar of Beogh.
 15386 | Orc:3    | Noticed an orc knight
 15459 | Orc:3    | HP: 3/97 [orc warrior/battleaxe[an orc knight] (13)]
 15461 | Orc:3    | Demolished by an orc warrior

Action                   |  1- 3 |  4- 6 |  7- 9 | 10-12 || total
-------------------------+-------+-------+-------+-------++-------
Melee: Dagger            |    83 |   209 |   180 |   515 ||   987
       Short sword       |       |       |   330 |   329 ||   659
 Fire: Blowgun           |     7 |     4 |     1 |       ||    12
       Shortbow          |       |       |    13 |     2 ||    15
Throw: Stone             |       |       |   110 |     7 ||   117
Invok: Shadow Step       |       |       |       |     2 ||     2
 Abil: Spit Poison       |     5 |     8 |     3 |     2 ||    18
Evoke: Disc of storms    |       |       |       |     7 ||     7
  Use: Scroll            |     1 |     9 |     4 |     8 ||    22
       Potion            |       |     4 |     7 |     7 ||    18
 Stab: Sleeping          |     5 |    13 |    15 |    18 ||    51
       Distracted        |     1 |       |     2 |     1 ||     4
  Eat: Bread ration      |     1 |       |     1 |     1 ||     3
       Fruit             |       |     4 |       |     6 ||    10
       Chunk             |       |     1 |       |       ||     1
       Beef jerky        |       |       |     1 |     1 ||     2
       Meat ration       |       |       |     2 |     1 ||     3
